 Dungeon Crawl Stone Soup version 0.31-a0-825-gf28bc0971e (webtiles) character file.

Game seed: 11343429828540750812

1374 qw the Skirmisher (level 8, -12/51 HPs)
             Began as a Gargoyle Hunter on Sept 23, 2023.
             Mangled by a troll (14 damage)
             ... on level 7 of the Dungeon.
             The game lasted 00:02:01 (4548 turns).

qw the Skirmisher (Gargoyle Hunter)                 Turns: 4548, Time: 00:02:01

Health: -12/51     AC: 14    Str: 15    XL:     8   Next: 66%
Magic:  8/8        EV: 17    Int: 10    God:
Gold:   397        SH:  0    Dex: 15    Spells: 7/7 levels left

rFire   . . .        c - +0 orcbow
rCold   . . .        (shield currently unavailable)
rNeg    + . .        b - +0 steam dragon scales
rPois   inf          e - +0 helmet
rElec   +            (no cloak)
rCorr   .            l - +0 pair of gloves
SInv    .            h - +0 pair of boots
Will    .....        (no amulet)
Stlth   ++           d - +5 ring of evasion
HPRegen 0.28/turn    (no ring)
MPRegen 0.11/turn

%: no passive effects
@: no status effects
A: sickness immunity, AC +5, negative energy resistance 1, electricity
resistance, torment resistance 1, petrification resistance
a: no special abilities


You were on level 7 of the Dungeon.
You visited 1 branch of the dungeon, and saw 7 of its levels.

You collected 397 gold pieces.


Innate Abilities, Weirdness & Mutations

You are immune to sickness and miasma.
Your stone body is resilient. (AC +5)
You are immune to poison.
You resist negative energy. (rN+)
You are resistant to electric shocks. (rElec)
You are resistant to unholy torment.
You are immune to petrification.


   Skills:
 - Level 6.2 Fighting
 + Level 9.1 Ranged Weapons
 - Level 3.2 Armour
 - Level 2.0 Dodging
 - Level 1.1 Stealth


You had 7 spell levels left.
You didn't know any spells.
Your spell library was empty.

Inventory:

Hand Weapons
 c - a +0 orcbow (weapon)
Armour
 b - +0 steam dragon scales (worn)
 e - a +0 helmet (worn)
 h - a +0 pair of boots (worn)
 l - a +0 pair of gloves (worn)
Jewellery
 d - a +5 ring of evasion (left hand)
 f - a ring of ice
Scrolls
 g - a scroll of identify
Potions
 a - a potion of mutation {unknown}
 j - a potion of lignification {unknown}
 k - a potion of enlightenment {unknown}
 p - a potion of resistance {unknown}

Dungeon Overview and Level Annotations

Branches:
Dungeon (7/15)
 Temple: D:4-7

Altars:

Shops:
D:2 :

Annotations:
D:6 2 transporters, qw's ghost, novice GrHu


Message History

You hear an angry hiss.
The troll bites you but does no damage. The troll completely misses you.
The troll claws you but does no damage.
You shoot an arrow. The arrow hits the troll.
The troll is lightly wounded.
The troll barely misses you. The troll closely misses you.
The troll claws you but does no damage.
You shoot an arrow. The arrow hits the troll.
The troll is moderately wounded.
A basilisk comes into view.
The troll closely misses you.
The troll claws you but does no damage. x2
You shoot an arrow. The arrow hits the troll!
The troll is heavily wounded.
The troll bites you!
The troll claws you but does no damage. x2
You shoot an arrow. The arrow closely misses the troll.
The troll closely misses you. The troll claws you but does no damage.
The troll completely misses you.
You shoot an arrow. The arrow hits the troll.
The troll is heavily wounded.
The troll bites you. The troll barely misses you. x2
You shoot an arrow. The arrow hits the troll.
The troll is heavily wounded.
The troll closely misses you. The troll claws you but does no damage.
The troll completely misses you.
You shoot an arrow.
The arrow hits the troll but does no damage.
The troll is heavily wounded.
The troll closely misses you.
The troll claws you but does no damage. x2
You shoot an arrow. The arrow closely misses the troll.
The troll bites you but does no damage. The troll claws you but does no damage.
The troll closely misses you.
You shoot an arrow. The arrow hits the troll.
The troll is severely wounded.
The basilisk hisses menacingly.
The troll bites you but does no damage. The troll claws you.
The troll misses you.
You shoot an arrow. The arrow hits the troll.
The troll is severely wounded.
The troll completely misses you.
The troll claws you. x2; The troll bites you!
You die...

#.# ####.#####.##
#.# #...#......#
#.####..#.##...##
#............###
## #####......###
|.# #.....### ...
###...###^## ..
#...###.##.##{#
#.##...#..#@T#
#...####.#.##..#
##....###..# ##
#.##...###[
#.##.....###
#.##.###...#
#.##.# .. ##.##.#
># .#
#...#.####.##..##


You could see a troll.

Vanquished Creatures
  A steam dragon (D:6)
  Menkaure (D:6)
  An orc warrior (D:5)
  A black bear (D:5)
  2 centaurs
  A phantom (D:6)
  A scorpion (D:5)
  A jelly (D:5)
  3 hounds
  2 orc priests
  Jessica (D:3)
  An iguana (D:5)
  Terence (D:2)
  Natasha (thrice) (D:4)
  2 orc wizards
  A sleepcap (D:4)
  6 gnolls
  4 adders
  A shadow imp (D:5)
  An ufetubus (D:4)
  5 worms
  4 dart slugs
  11 orcs
  5 endoplasms
  A giant cockroach (D:3)
  7 hobgoblins
  8 jackals
  8 kobolds
  8 quokkas
  8 ball pythons
  5 bats
  4 frilled lizards
  6 goblins
  3 rats
118 creatures vanquished.

Notes
Turn   | Place    | Note
-------+----------+-------------------------------------------
     0 | D:1      | qw the Gargoyle Hunter began the quest for the Orb.
     0 | D:1      | Reached XP level 1. HP: 12/12 MP: 1/1
     0 | D:1      | 0 ||| qw: Version: 0.3-a-83-gcd0e7d8
     0 | D:1      | 0 ||| qw: Game counter: 1822
     0 | D:1      | 0 ||| qw: Melee chars always use a shield: true
     0 | D:1      | 0 ||| qw: God list: Okawaru
     0 | D:1      | 0 ||| qw: Allow faded altars: false
     0 | D:1      | 0 ||| qw: Do Orc after clearing Dungeon:15 true
     0 | D:1      | 0 ||| qw: Do second Lair branch before Depths: true
     0 | D:1      | 0 ||| qw: Lair rune preference: random
     0 | D:1      | 0 ||| qw: Goals: Normal
     0 | D:1      | 0 ||| PLANNING D:1-11
    40 | D:1      | Reached XP level 2. HP: 16/17 MP: 2/2
   120 | D:1      | You fall into a shaft and drop 1 floor!
   139 | D:2      | Found Lelineus's Book Shop.
   140 | D:2      | 140 ||| FLEEEEING.
   144 | D:2      | 144 ||| FLEEEEING.
   145 | D:2      | 145 ||| STAIRDANCE
   358 | D:1      | Reached XP level 3. HP: 20/21 MP: 3/3
   366 | D:1      | Reached skill level 5 in Ranged Weapons
   614 | D:1      | 614 ||| UPGRADING to +0 pair of boots.
   619 | D:1      | 619 ||| UPGRADING to +5 ring of evasion.
   620 | D:1      | 620 ||| READING scroll labelled BUBBO HYOS.
   624 | D:1      | 624 ||| READING 2 scrolls labelled JOIDUF TANUDOO.
   625 | D:1      | 625 ||| DROPPING scroll of butterflies.
   652 | D:2      | HP: 4/22 [kobold/+0 whip (5)]
   654 | D:2      | 654 ||| FLEEEEING.
   655 | D:2      | 655 ||| STAIRDANCE
   733 | D:2      | 733 ||| STAIRDANCE
   846 | D:2      | Reached skill level 3 in Fighting
   937 | D:2      | Noticed Terence
   943 | D:2      | Reached XP level 4. HP: 28/28 MP: 4/4
   961 | D:2      | Killed Terence
  1175 | D:2      | 1175 ||| UPGRADING to +0 helmet.
  1180 | D:2      | 1180 ||| READING scroll labelled FAUWNA CYBIONU.
  1181 | D:2      | 1181 ||| READING scroll labelled VEAVIO IRGHOZA.
  1182 | D:2      | 1182 ||| READING scroll labelled SOTROH WULY.
  1183 | D:2      | 1183 ||| READING scroll labelled ULAOBA AWNESU.
  1184 | D:2      | 1184 ||| READING scroll labelled YSYADW XYSAUCI.
  1185 | D:2      | 1185 ||| READING scroll labelled JUNTET HOUTH.
  1186 | D:2      | 1186 ||| READING scroll labelled ILIJEJ YNKUEJ.
  1187 | D:2      | 1187 ||| DRINKING 2 emerald potions.
  1188 | D:2      | 1188 ||| DRINKING 2 golden potions.
  1189 | D:2      | 1189 ||| DRINKING potion of curing.
  1189 | D:2      | 1189 ||| (to cure confusion)
  1190 | D:2      | 1190 ||| READING 2 scrolls of identify.
  1190 | D:2      | 1190 ||| IDENTIFYING blue potion
  1191 | D:2      | 1191 ||| DROPPING potion of degeneration.
  1192 | D:2      | 1192 ||| DROPPING potion of ambrosia.
  1305 | D:3      | HP: 5/28 [orc priest/divine providence (9)]
  1307 | D:3      | Reached skill level 1 in Armour
  1307 | D:3      | Reached XP level 5. HP: 6/32 MP: 5/5
  1470 | D:3      | Noticed Jessica
  1471 | D:3      | Killed Jessica
  1472 | D:3      | Reached skill level 6 in Ranged Weapons
  2091 | D:3      | 2091 ||| UPGRADING to +0 ring mail.
  2101 | D:3      | 2101 ||| DROPPING +0 leather armour.
  2151 | D:4      | Noticed Natasha
  2158 | D:4      | 2158 ||| Stepping ~*~*~tactically~*~*~ (retreating).
  2159 | D:4      | 2159 ||| Stepping ~*~*~tactically~*~*~ (retreating).
  2161 | D:4      | Killed Natasha
  2162 | D:4      | Reached XP level 6. HP: 14/38 MP: 6/6
  2162 | D:4      | 2162 ||| FLEEEEING.
  2163 | D:4      | 2163 ||| FLEEEEING.
  2164 | D:4      | 2164 ||| STAIRDANCE
  2349 | D:4      | Noticed Natasha
  2358 | D:4      | Killed Natasha
  2458 | D:4      | Identified the +8 dagger of Resourcefulness {freeze, Drain
                  | rElec Will+++ rCorr}
  2503 | D:4      | Reached skill level 7 in Ranged Weapons
  2538 | D:4      | Noticed Natasha
  2553 | D:4      | Killed Natasha
  2554 | D:4      | Reached XP level 7. HP: 43/43 MP: 7/7
  2828 | D:4      | 2828 ||| DROPPING scarf of invisibility.
  2829 | D:4      | 2829 ||| READING 2 scrolls labelled ROSSAO ZAFU.
  2830 | D:4      | 2830 ||| DROPPING scroll of fear.
  2839 | D:5      | Entered Level 5 of the Dungeon
  3173 | D:5      | Reached skill level 8 in Ranged Weapons
  3435 | D:5      | 3435 ||| READING scroll labelled IQIESUCUEN.
  3503 | D:6      | 3503 ||| STAIRDANCE
  3516 | D:6      | 3516 ||| STAIRDANCE
  3526 | D:5      | Reached XP level 8. HP: 21/50 MP: 8/8
  3633 | D:6      | 3633 ||| STAIRDANCE
  3724 | D:6      | 3724 ||| Stepping ~*~*~tactically~*~*~ (cloud).
  3791 | D:6      | Found a transporter.
  3792 | D:6      | Noticed qw's ghost (novice GrHu)
  4045 | D:6      | Reached skill level 9 in Ranged Weapons
  4072 | D:6      | Noticed Menkaure
  4075 | D:6      | Killed Menkaure
  4076 | D:6      | Reached skill level 6 in Fighting
  4207 | D:6      | Found a transporter.
  4328 | D:6      | 4328 ||| UPGRADING to +0 steam dragon scales.
  4338 | D:6      | 4338 ||| DROPPING +0 ring mail.
  4339 | D:6      | 4339 ||| UPGRADING to +0 pair of gloves.
  4344 | D:6      | 4344 ||| READING scroll labelled NEEGRO KI JAHEXOUPP.
  4380 | D:6      | 4380 ||| READING 2 scrolls of identify.
  4380 | D:6      | 4380 ||| IDENTIFYING orange potion
  4381 | D:6      | 4381 ||| DROPPING potion of attraction.
  4458 | D:7      | Reached skill level 3 in Armour
  4477 | D:7      | 4477 ||| SWAPPING to +0 orcbow.
  4478 | D:7      | 4478 ||| DROPPING +0 shortbow of freezing.
  4530 | D:7      | Noticed a troll
  4537 | D:7      | Noticed a two-headed ogre
  4543 | D:7      | HP: 12/51 [troll (3)]
  4548 | D:7      | HP: 5/51 [troll (5)]
  4548 | D:7      | HP: 2/51 [troll (3)]
  4548 | D:7      | Mangled by a troll

Levels and vault maps discovered:
D:1:      kennysheep_arrival_forest, layout_basic, moated_statue
D:2:      layout_rooms, serial_shops, shop, uniq_terence
D:3:      layout_basic, uniq_jessica
D:4:      layout_cave_pools, uniq_natasha
D:5:      layout_gridville, nicolae_concentric_dashed_squares_wild
D:6:      layout_loops_ring, gammafunk_ghost_stat_death, due_unseen_surprise,
          uniq_menkaure
D:7:      minmay_the_grid_four_pointed_star
          [minmay_the_grid_triangle_9x9_skeleton,
          minmay_the_grid_triangle_9x9_corruption,
          minmay_the_grid_triangle_9x9_zippers_horizontal,
          minmay_the_grid_triangle_9x9_dagger,
          minmay_the_grid_prize_four_corners_diamond_a], layout_loops_ring,
          temple_fountains, uniq_pikel

Skill      XL: |  1  2  3  4  5  6  7  8 |
---------------+-------------------------+-----
Ranged Weapons | 5 6 7 8 9 |  9.1
Fighting       | 3 4 5 6 |  6.2
Armour         | 1 2 3 |  3.2
Dodging        | 2 |  2.0
Stealth        | |  1.1

Action                     |  1- 3 |  4- 6 |  7- 9 || total
---------------------------+-------+-------+-------++-------
   Fire: Shortbow          |   139 |   196 |   130 ||   465
         Orcbow            |       |       |    18 ||    18
    Use: Scroll            |     2 |     8 |     4 ||    14
         Potion            |       |     3 |       ||     3
 Armour: Leather armour    |    29 |    17 |       ||    46
         Ring mail         |       |    52 |    56 ||   108
         Steam dragon scal |       |       |    25 ||    25
  Dodge: Dodged            |    45 |   139 |    87 ||   271

Table legend:
 A = Non-vault XP
 B = Vault XP
 C = Vault XP percentage of total XP
 D = Non-vault monster count
 E = Vault monster count
 F = Vault count percentage of total count
                 A         B        C        D         E       F
            +---------+---------+-------+---------+---------+-------
      Total |    1686 |     277 |  14.1 |     114 |       4 |   3.4
            +---------+---------+-------+---------+---------+-------
        D:1 |      48 |       0 |   0.0 |      27 |       0 |   0.0
        D:2 |      49 |      36 |  42.4 |      17 |       1 |   5.6
        D:3 |     114 |      37 |  24.5 |      17 |       1 |   5.6
        D:4 |     368 |      35 |   8.7 |      28 |       1 |   3.4
        D:5 |     521 |       0 |   0.0 |      13 |       0 |   0.0
        D:6 |     476 |     169 |  26.2 |      11 |       1 |   8.3
        D:7 |     110 |       0 |   0.0 |       1 |       0 |   0.0
            +---------+---------+-------+---------+---------+-------
